 Dungeon Crawl Stone Soup version 0.31-a0-152-g6aa68a64a1 (webtiles) character file.

Game seed: 12372625585702644739

270 qw the Shooter (level 6, -1/55 HPs)
             Began as a Naga Hunter on June 9, 2023.
             Shot with an arrow by a centaur (12 damage)
             ... on level 3 of the Dungeon.
             The game lasted 00:00:45 (1943 turns).

qw the Shooter (Naga Hunter)                        Turns: 1943, Time: 00:00:46

Health: -1/55      AC:  4    Str: 13    XL:     6   Next: 22%
Magic:  6/6        EV:  9    Int: 10    God:
Gold:   112        SH:  0    Dex: 16    Spells: 5/5 levels left

rFire   . . .        Y - +0 shortbow
rCold   . . .        (shield currently unavailable)
rNeg    . . .        c - +0 leather armour
rPois   +            (no helmet)
rElec   .            (no cloak)
rCorr   .            f - +0 pair of gloves
SInv    +            (no barding)
Will    .....        h - amulet of regeneration
Stlth   ++           (no ring)
HPRegen 1.09/turn    (no ring)
MPRegen 0.10/turn

%: no passive effects
@: short of breath, very slow
A: AC +2, large, see invisible, deformed body, poison resistance, slowness 2,
spit poison 1, naga tail 1
a: Spit Poison


You were on level 3 of the Dungeon.
You visited 1 branch of the dungeon, and saw 3 of its levels.

You collected 112 gold pieces.


Innate Abilities, Weirdness & Mutations

Your serpentine skin is tough. (AC +2)
You have supernaturally acute eyesight. (SInv)
Armour fits poorly on your strangely shaped body.
Your system is resistant to poisons. (rPois)
You cover ground very slowly.
You can spit poison.
You have a snake-like lower body.


   Skills:
 + Level 2.7 Fighting
 - Level 6.4 Ranged Weapons
 - Level 1.5 Dodging
 - Level 1.5 Stealth


You had 5 spell levels left.
You didn't know any spells.
Your spell library was empty.

Inventory:

Hand Weapons
 Y - a +0 shortbow (weapon)
Armour
 c - a +0 leather armour (worn)
 f - a +0 pair of gloves (worn)
Jewellery
 h - an amulet of regeneration (around neck)
Scrolls
 a - 2 scrolls of teleportation
 g - a scroll of magic mapping {unknown}
 i - a scroll of poison {unknown}
Potions
 b - a potion of haste {unknown}
 d - a potion of mutation {unknown}
 e - 2 potions of attraction {unknown}
 j - a potion of curing {unknown}

Dungeon Overview and Level Annotations

Branches:
Dungeon (3/15)

Altars:
Ashenzari
Cheibriados
Fedhas
Wu Jian

Annotations:
D:3 1 runed translucent door


Message History

Enter note:
Enter note:
Enter note:
Enter note:
Enter note:
Enter note:
Enter note:
Enter note:
Enter note:
1937 ||| INVOKING Spit Poison.
Aiming: Spit Poison (1% risk of failure)
Press: ? - help, Shift-Dir - straight line, f - centaur The splash of poison hits the centaur.
The centaur is poisoned.
The centaur is moderately wounded.
The centaur wields a +0 shortbow.
The centaur shoots an arrow.
The arrow hits you!
You shoot an arrow. The arrow closely misses the centaur.
The centaur shoots an arrow.
The arrow hits you!
The centaur shoots an arrow.
The arrow barely misses you.
You shoot an arrow. The arrow barely misses the centaur.
You shoot an arrow. The arrow closely misses the centaur.
You have got your breath back.
The centaur shoots an arrow.
The arrow barely misses you.
The centaur shoots an arrow.
The arrow hits you.
1941 ||| INVOKING Spit Poison.
Aiming: Spit Poison (1% risk of failure)
Press: ? - help, Shift-Dir - straight line, f/p - centaur The splash of poison hits the centaur.
The centaur is severely wounded.
The centaur shoots an arrow.
The arrow hits you!
The centaur shoots an arrow.
The arrow hits you!
You shoot an arrow. The arrow barely misses the centaur.
The centaur looks more healthy.
The centaur shoots an arrow.
The arrow completely misses you.
You shoot an arrow.
The arrow hits the centaur but does no damage.
The centaur is severely wounded.
The centaur shoots an arrow.
The arrow hits you!
The centaur shoots an arrow.
The arrow hits you!
You die...

#...........##+##.......
#.........)........>##.#
#......................#
##########).............
##..............
##)).........#### ####
##...###..#..... .
#....#....# ..##....##
#.....@#.## ........#
#.$.........# .. .....
#....###.###.. .....
#..c. #.# ..... ###. ?..
..... #. .... ..... #
.... ..... ... .....
.....


You could see a centaur.

Vanquished Creatures
  Sigmund (D:2)
  2 adders (D:2)
  2 worms (D:2)
  A dart slug (D:3)
  8 orcs (D:3)
  6 endoplasms
  2 giant cockroaches
  6 hobgoblins (D:1)
  6 jackals
  4 kobolds
  3 quokkas (D:1)
  7 ball pythons
  A bat (D:1)
  3 frilled lizards
  7 goblins
  4 rats
  A spectral kobold (D:1)
64 creatures vanquished.

Notes
Turn   | Place    | Note
-------+----------+-------------------------------------------
     0 | D:1      | qw the Naga Hunter began the quest for the Orb.
     0 | D:1      | Reached XP level 1. HP: 19/19 MP: 1/1
     0 | D:1      | 0 ||| qw: Version: 0.2-a-122-gbc61b45
     0 | D:1      | 0 ||| qw: Game counter: 3260
     0 | D:1      | 0 ||| qw: Always use a shield: true
     0 | D:1      | 0 ||| qw: God list: Okawaru
     0 | D:1      | 0 ||| qw: Allow faded altars: false
     0 | D:1      | 0 ||| qw: Do Orc after D:15 true
     0 | D:1      | 0 ||| qw: Do second Lair branch before Depths: true
     0 | D:1      | 0 ||| qw: Lair rune preference: random
     0 | D:1      | 0 ||| qw: Plans: Normal
     0 | D:1      | 0 ||| PLANNING D:1-11
    18 | D:1      | 18 ||| DROPPING +1 heavy sling.
    34 | D:1      | 34 ||| INVOKING Spit Poison.
    35 | D:1      | 35 ||| INVOKING Spit Poison.
    68 | D:1      | 68 ||| INVOKING Spit Poison.
    74 | D:1      | 74 ||| INVOKING Spit Poison.
    95 | D:1      | 95 ||| INVOKING Spit Poison.
   100 | D:1      | 100 ||| INVOKING Spit Poison.
   101 | D:1      | Reached skill level 4 in Ranged Weapons
   101 | D:1      | Reached XP level 2. HP: 26/26 MP: 2/2
   158 | D:1      | 158 ||| INVOKING Spit Poison.
   171 | D:1      | 171 ||| INVOKING Spit Poison.
   199 | D:1      | 199 ||| INVOKING Spit Poison.
   233 | D:1      | 233 ||| INVOKING Spit Poison.
   280 | D:1      | 280 ||| INVOKING Spit Poison.
   295 | D:1      | 295 ||| INVOKING Spit Poison.
   308 | D:1      | Found a faded altar of an unknown god.
   328 | D:1      | 328 ||| INVOKING Spit Poison.
   330 | D:1      | Reached XP level 3. HP: 32/32 MP: 3/3
   358 | D:1      | 358 ||| INVOKING Spit Poison.
   361 | D:1      | 361 ||| INVOKING Spit Poison.
   365 | D:1      | 365 ||| INVOKING Spit Poison.
   442 | D:1      | 442 ||| INVOKING Spit Poison.
   610 | D:1      | 610 ||| INVOKING Spit Poison.
   615 | D:1      | 615 ||| INVOKING Spit Poison.
   763 | D:1      | 763 ||| INVOKING Spit Poison.
   764 | D:1      | 764 ||| INVOKING Spit Poison.
   767 | D:1      | 767 ||| INVOKING Spit Poison.
   771 | D:1      | 771 ||| INVOKING Spit Poison.
   856 | D:1      | 856 ||| UPGRADING to +0 pair of gloves.
   861 | D:1      | 861 ||| UPGRADING to amulet of regeneration.
   866 | D:1      | 866 ||| READING scroll labelled KANAUMMIAS.
   867 | D:1      | 867 ||| READING scroll labelled MYEGUT SANK.
   868 | D:1      | 868 ||| DROPPING scroll of butterflies.
   919 | D:2      | 919 ||| INVOKING Spit Poison.
  1001 | D:2      | 1001 ||| INVOKING Spit Poison.
  1002 | D:2      | 1002 ||| INVOKING Spit Poison.
  1073 | D:2      | 1073 ||| INVOKING Spit Poison.
  1105 | D:2      | Noticed Sigmund
  1109 | D:2      | 1109 ||| INVOKING Spit Poison.
  1116 | D:2      | 1116 ||| INVOKING Spit Poison.
  1117 | D:2      | 1117 ||| INVOKING Spit Poison.
  1117 | D:2      | Killed Sigmund
  1118 | D:2      | Reached skill level 6 in Ranged Weapons
  1118 | D:2      | Reached XP level 4. HP: 24/39 MP: 4/4
  1118 | D:2      | Reached XP level 5. HP: 28/45 MP: 5/5
  1118 | D:2      | Reached XP level 6. HP: 33/52 MP: 6/6
  1174 | D:2      | 1174 ||| INVOKING Spit Poison.
  1177 | D:2      | 1177 ||| INVOKING Spit Poison.
  1215 | D:2      | 1215 ||| INVOKING Spit Poison.
  1222 | D:2      | 1222 ||| INVOKING Spit Poison.
  1570 | D:2      | 1570 ||| INVOKING Spit Poison.
  1575 | D:2      | 1575 ||| INVOKING Spit Poison.
  1637 | D:2      | 1637 ||| READING 2 scrolls labelled VEIFUM POU.
  1673 | D:3      | Found a runed translucent door.
  1689 | D:3      | Found a blossoming altar of Fedhas.
  1724 | D:3      | 1724 ||| INVOKING Spit Poison.
  1729 | D:3      | 1729 ||| INVOKING Spit Poison.
  1737 | D:3      | Found a broken altar of Ashenzari.
  1772 | D:3      | 1772 ||| INVOKING Spit Poison.
  1793 | D:3      | Found a snail-covered altar of Cheibriados.
  1817 | D:3      | 1817 ||| INVOKING Spit Poison.
  1845 | D:3      | 1845 ||| INVOKING Spit Poison.
  1847 | D:3      | Found an ornate altar of the Wu Jian Council.
  1898 | D:3      | 1898 ||| INVOKING Spit Poison.
  1904 | D:3      | 1904 ||| INVOKING Spit Poison.
  1911 | D:3      | 1911 ||| INVOKING Spit Poison.
  1916 | D:3      | 1916 ||| INVOKING Spit Poison.
  1937 | D:3      | 1937 ||| INVOKING Spit Poison.
  1941 | D:3      | 1941 ||| INVOKING Spit Poison.
  1943 | D:3      | HP: 11/55 [centaur/arrow (9)]
  1943 | D:3      | Shot with an arrow by a centaur

Levels and vault maps discovered:
D:1:      zaba_arrival_water, layout_loops_corners,
          dreamdust_ecumenical_altar_drowned_temple
D:2:      layout_basic, columned_hall_lemuel, minmay_misc_feat_cross,
          uniq_sigmund
D:3:      layout_rooms, old_standard_altar, kb_xom_exploding_sheep,
          overflow_temple_1_default, mainiacjoe_overflow_alcove_2,
          lemuel_round_altar, mainiacjoe_overflow_cross_hatched,
          evilmike_ruin_ashenzari, ebering_ghost_sewer_d, serial_shops, shop

Skill      XL: |  1  2  3 |
---------------+----------+-----
Ranged Weapons | 4 6 |  6.4
Fighting       | |  2.7
Dodging        | |  1.5
Stealth        | |  1.5

Action                     |  1- 3 |  4- 6 || total
---------------------------+-------+-------++-------
   Fire: Shortbow          |    72 |    57 ||   129
Ability: Spit Poison       |    26 |    17 ||    43
    Use: Scroll            |     2 |     1 ||     3
 Armour: Leather armour    |     6 |     2 ||     8
  Dodge: Dodged            |    17 |     5 ||    22

Table legend:
 A = Non-vault XP
 B = Vault XP
 C = Vault XP percentage of total XP
 D = Non-vault monster count
 E = Vault monster count
 F = Vault count percentage of total count
                 A         B        C        D         E       F
            +---------+---------+-------+---------+---------+-------
      Total |     143 |     244 |  63.0 |      62 |       2 |   3.1
            +---------+---------+-------+---------+---------+-------
        D:1 |      55 |       1 |   1.8 |      34 |       1 |   2.9
        D:2 |      47 |     243 |  83.8 |      12 |       1 |   7.7
        D:3 |      41 |       0 |   0.0 |      16 |       0 |   0.0
            +---------+---------+-------+---------+---------+-------
